 Dungeon Crawl Stone Soup version 0.21.1-1-g345015fe64 (webtiles) character file.

79 LevaFresel the Bolt Thrower (level 4, 0/27 HPs)
             Began as a Kobold Hunter on June 11, 2018.
             Succumbed to an adder's poison
             ... on level 2 of the Dungeon.
             The game lasted 00:09:37 (2498 turns).

LevaFresel the Bolt Thrower (Kobold Hunter)         Turns: 2498, Time: 00:09:37

Health: 0/27       AC:  3    Str: 10    XL:     4   Next: 64%
Magic:  4/4        EV: 15    Int: 12    God:
Gold:   97         SH:  0    Dex: 15    Spells: 3/3 levels left

rFire    . . .     SeeInvis .   b - +0 short sword
rCold    . . .     Gourm    .   (shield restricted)
rNeg     . . .     Faith    .   c - +0 leather armour
rPois    .         Spirit   .   (no helmet)
rElec    .         Reflect  .   (no cloak)
rCorr    .         Harm     .   (no gloves)
MR       .....                  (no boots)
Stlth    ++........             (no amulet)
HPRegen  0.09/turn              (no ring)
MPRegen  0.09/turn              (no ring)

@: lethally poisoned (0 -> -15), flying
A: small, carnivore
a: no special abilities


You were on level 2 of the Dungeon.
You were very full.

You visited 1 branch of the dungeon, and saw 3 of its levels.

You collected 97 gold pieces.

Inventory:

Hand Weapons
 a - a +1 hand crossbow
 b - a +0 short sword (weapon)
Missiles
 d - 17 bolts
Armour
 c - a +0 leather armour (worn)
 o - a +0 ring mail
Jewellery
 g - a cursed ring of teleportation {unknown}
 k - an uncursed ring of stealth {unknown}
 l - a cursed ring of teleportation {unknown}
Scrolls
 j - a scroll of fog {unknown}
 n - 4 scrolls of teleportation {unknown}
 p - a scroll of enchant weapon {unknown}
 r - a scroll of fear {unknown}
 t - a scroll of identify {unknown}
 u - a scroll of random uselessness {unknown}
 v - a scroll of remove curse {unknown}
Potions
 e - a potion of curing {unknown}
 h - 2 potions of flight
 i - a potion of agility {unknown}
 m - a potion of mutation {unknown}
 q - a potion of might {unknown}
 s - a potion of lignification {unknown}
Comestibles
 f - 5 rations


   Skills:
 + Level 2.9 Fighting
 + Level 2.0 Short Blades
 * Level 5.7 Crossbows
 + Level 3.2 Dodging
 - Level 1.3 Stealth


You had 3 spell levels left.
You didn't know any spells.

Dungeon Overview and Level Annotations

Branches:
Dungeon (3/15)

Altars:


Innate Abilities, Weirdness & Mutations

You are small and have problems with some larger weapons.
You are carnivorous and can eat meat at any time.


Message History

You hit the adder.
The adder is almost dead.
You feel sick. The adder bites you.
You are more poisoned.
The adder poisons you! The kobold hits you.
* * * LOW HITPOINT WARNING * * *
You barely miss the adder.
The adder is almost dead.
* * * LOW HITPOINT WARNING * * *
You feel sick. The adder misses you. The kobold hits you.
* * * LOW HITPOINT WARNING * * *
You hit the adder.
You kill the adder!
Your Short Blades skill increases to level 2!
* * * LOW HITPOINT WARNING * * *
You feel sick. The kobold barely misses you.
It was a potion of flight.
You feel very buoyant.
You fly up into the air.
You die...

#.....).##......#.# #.##
#.......##........# #.##
#.......##........# #.##
#.......##........###.##
####.#####..............
#....................
##.####.....######.#. #
#.##†#.....### #.#. ###
#.#@#........####.#.
..############.K###.........##.#.
#.##...........## ##....###.##.#.
..##.########.## ##...# #....#.
#.##.# #..## ##....###.####.
#.##.# ##...###...(.....# #.
#.##.#######)..#.#.#....#.######.
..#...............##....#.# #...
...............#........#.# #.##


You could see a kobold.

Vanquished Creatures
  A jelly (D:2)
  2 adders (D:2)
  A worm (D:2)
  A ball python (D:2)
  2 giant cockroaches
  3 hobgoblins (D:2)
  A quokka (D:2)
  6 bats
  A frilled lizard (D:3)
  4 goblins
  6 kobolds
  3 rats
31 creatures vanquished.

Notes
Turn   | Place    | Note
-------+----------+-------------------------------------------
     0 | D:1      | LevaFresel the Kobold Hunter began the quest for the Orb.
     0 | D:1      | Reached XP level 1. HP: 12/12 MP: 1/1
   487 | D:2      | Reached skill level 5 in Crossbows
   487 | D:2      | Reached XP level 2. HP: 17/18 MP: 2/2
   911 | D:2      | Reached skill level 1 in Short Blades
   930 | D:2      | Reached XP level 3. HP: 22/22 MP: 3/3
  1308 | D:2      | Reached XP level 4. HP: 27/27 MP: 4/4
  2497 | D:2      | HP: 1/27 [poisoned by an adder]
  2498 | D:2      | Succumbed to an adder's poison

Skill      XL: |  1  2  3  4 |
---------------+-------------+-----
Crossbows      | 5 |  5.7
Short Blades   | 1 2 |  2.0
Dodging        | 3 |  3.2
Fighting       | |  2.9
Stealth        | |  1.3

Action                   |  1- 3 |  4- 6 || total
-------------------------+-------+-------++-------
Melee: Short sword       |    24 |    38 ||    62
 Fire: Hand crossbow     |    29 |     7 ||    36
  Use: Potion            |       |     1 ||     1
  Eat: Chunk             |     4 |     7 ||    11
Armor: Leather armour    |    12 |    10 ||    22
Dodge: Dodged            |    38 |    47 ||    85
